| TOP OF THE 1ST |
|
Helena Brewers batting - Pitching for Washington (APP) Nationals : LHP Ed Thorpe Jr.
|
|
Pitching: LHP Ed Thorpe Jr.
|
|
|
Batting: RHB Wiliama Dana
|
0-0: Ball 1-0: Ball 2-0: Foul Ball, location: 2F 2-1: SINGLE (Groundball, 56, EV 105.6 MPH) (infield hit)
|
|
Batting: LHB Alex Chairez
|
0-0: Called Strike Wiliama Dana is caught stealing 2nd base 2-6 0-1: Fly out, F8 (Flyball, 8RM, EV 95.0 MPH)
|
|
Batting: RHB Tony Beaumond
|
0-0: Ground out 5-3 (Groundball, 5, EV 91.9 MPH)
|
| Top of the 1st over - 0 runs, 1 hit, 0 errors, 0 left on base; Helena 0 - Washington (APP) 0 |
| BOTTOM OF THE 1ST |
|
Washington (APP) Nationals batting - Pitching for Helena Brewers : LHP Billy Rojas
|
|
Pitching: LHP Billy Rojas
|
|
|
Batting: RHB Xavier Reeves
|
0-0: Called Strike 0-1: Ball 1-1: Ball 2-1: Swinging Strike 2-2: Strikes out swinging
|
|
Batting: RHB Taffounnout Kame
|
0-0: Ball 1-0: Called Strike 1-1: Ball 2-1: Foul Ball, location: 2F 2-2: DOUBLE (Line Drive, 9LM, EV 106.2 MPH)
|
|
Batting: RHB Er Le
|
0-0: Called Strike 0-1: Foul Ball, location: 2F 0-2: Ball 1-2: Strikes out swinging
|
|
Batting: SHB Curtis DeLille
|
0-0: Called Strike 0-1: Ball 1-1: Foul Ball, location: 2F 1-2: Strikes out swinging
|
| Bottom of the 1st over - 0 runs, 1 hit, 0 errors, 1 left on base; Helena 0 - Washington (APP) 0 |
| TOP OF THE 2ND |
|
Helena Brewers batting - Pitching for Washington (APP) Nationals : LHP Ed Thorpe Jr.
|
|
Batting: LHB John Fortin
|
0-0: Called Strike 0-1: Ball 1-1: Ball 2-1: Foul Ball, location: 2F 2-2: Ball 3-2: Foul Ball, location: 2F 3-2: Foul Ball, location: 2F 3-2: Foul Ball, location: 2F 3-2: Ground out 6-3 (Groundball, 4M, EV 86.2 MPH)
|
|
Batting: RHB Mohammed bin Ubaida
|
0-0: Called Strike 0-1: Ball 1-1: Foul Ball, location: 2F 1-2: Foul Ball, location: 2F 1-2: Foul Ball, location: 2F 1-2: Foul Ball, location: 2F 1-2: Ground out 4-3 (Groundball, 4, EV 104.4 MPH)
|
|
Batting: LHB Greg Reedy
|
0-0: Ball 1-0: Ball 2-0: Called Strike 2-1: Foul Ball, location: 2F 2-2: Ball 3-2: Base on Balls
|
|
Batting: RHB Justin Marino
|
0-0: Ball 1-0: Foul Ball, location: 2F 1-1: Ground out U3 (Groundball, 3L, EV 100.0 MPH)
|
| Top of the 2nd over - 0 runs, 0 hits, 0 errors, 1 left on base; Helena 0 - Washington (APP) 0 |
| BOTTOM OF THE 2ND |
|
Washington (APP) Nationals batting - Pitching for Helena Brewers : LHP Billy Rojas
|
|
Batting: RHB Steve Kunselman
|
0-0: Foul Ball, location: 2F 0-1: Ball 1-1: Ball 2-1: Foul Ball, location: 2F 2-2: Strikes out looking
|
|
Batting: RHB Aaron Bateman
|
0-0: Ball 1-0: Ball 2-0: Foul Ball, location: 2F 2-1: Ground out 4-3 (Groundball, 4D, EV 111.2 MPH)
|
|
Batting: RHB Jason Ewert
|
0-0: Ball 1-0: Ball 2-0: Ball 3-0: Called Strike 3-1: Foul Ball, location: 2F 3-2: Strikes out looking
|
| Bottom of the 2nd over - 0 runs, 0 hits, 0 errors, 0 left on base; Helena 0 - Washington (APP) 0 |
| TOP OF THE 3RD |
|
Helena Brewers batting - Pitching for Washington (APP) Nationals : LHP Ed Thorpe Jr.
|
|
Batting: RHB Jesus Menjivar
|
0-0: Ball 1-0: Called Strike 1-1: Ball 2-1: Swinging Strike 2-2: Strikes out swinging
|
|
Batting: LHB Dusty Bryant
|
0-0: Ball 1-0: Ball 2-0: Ball 3-0: Called Strike 3-1: Called Strike 3-2: Foul Ball, location: 2F 3-2: Base on Balls
|
|
Batting: RHB Wiliama Dana
|
0-0: Ball 1-0: Foul Ball, location: 2F 1-1: Swinging Strike Passed Ball! Dusty Bryant to second 1-2: Ball 2-2: Ball 3-2: Foul Ball, location: 2F 3-2: Foul Ball, location: 2F 3-2: Foul Ball, location: 2F 3-2: Ground out 6-3 (Groundball, 6, EV 95.0 MPH) Dusty Bryant to third
|
|
Batting: LHB Alex Chairez
|
0-0: Ball 1-0: Called Strike 1-1: Foul Ball, location: 2F 1-2: Ball Wild Pitch! Dusty Bryant scores 2-2: Ground out 4-3 (Groundball, 4, EV 78.1 MPH)
|
| Top of the 3rd over - 1 run, 0 hits, 0 errors, 0 left on base; Helena 1 - Washington (APP) 0 |
| BOTTOM OF THE 3RD |
|
Washington (APP) Nationals batting - Pitching for Helena Brewers : LHP Billy Rojas
|
|
Batting: SHB Ed Thorpe Jr.
|
0-0: Swinging Strike 0-1: Ball 1-1: Ball 2-1: Fly out, F9 (Flyball, 89S, EV 83.8 MPH)
|
|
Batting: RHB Justin Van Houten
|
0-0: Ball 1-0: Foul Ball, location: 2RF, Error on foul ball, E2 1-1: Ground out U3 (Groundball, 3L, EV 76.9 MPH)
|
|
Batting: RHB Xavier Reeves
|
0-0: Ball 1-0: Swinging Strike 1-1: Foul Ball, location: 2F 1-2: Ball 2-2: Strikes out swinging
|
| Bottom of the 3rd over - 0 runs, 0 hits, 1 error, 0 left on base; Helena 1 - Washington (APP) 0 |
| TOP OF THE 4TH |
|
Helena Brewers batting - Pitching for Washington (APP) Nationals : LHP Ed Thorpe Jr.
|
|
Batting: RHB Tony Beaumond
|
0-0: Ball 1-0: Ball 2-0: Ground out 6-3 (Groundball, 6MS, EV 85.6 MPH)
|
|
Batting: LHB John Fortin
|
0-0: Ball 1-0: Ball 2-0: Foul Ball, location: 2F 2-1: Ball 3-1: Called Strike 3-2: Strikes out looking
|
|
Batting: RHB Mohammed bin Ubaida
|
0-0: Ball 1-0: Ball 2-0: Ball 3-0: Base on Balls
|
|
Batting: LHB Greg Reedy
|
0-0: Called Strike Mohammed bin Ubaida steals 2nd base 0-1: Called Strike 0-2: Ball 1-2: Strikes out swinging
|
| Top of the 4th over - 0 runs, 0 hits, 0 errors, 1 left on base; Helena 1 - Washington (APP) 0 |
| BOTTOM OF THE 4TH |
|
Washington (APP) Nationals batting - Pitching for Helena Brewers : LHP Billy Rojas
|
|
Batting: RHB Taffounnout Kame
|
0-0: Ball 1-0: Ball 2-0: Ball 3-0: Base on Balls
|
|
Batting: RHB Er Le
|
0-0: Ball 1-0: Foul Ball, location: 2F 1-1: Swinging Strike 1-2: Strikes out swinging
|
|
Batting: SHB Curtis DeLille
|
0-0: Called Strike 0-1: Ball 1-1: Called Strike 1-2: Foul Ball, location: 2F 1-2: DOUBLE (Groundball, 5L, EV 103.8 MPH) Taffounnout Kame to third
|
|
Batting: RHB Steve Kunselman
|
0-0: Swinging Strike 0-1: Ball 1-1: Called Strike 1-2: DOUBLE (Groundball, 3L, EV 93.8 MPH) Taffounnout Kame scores Curtis DeLille scores
|
|
Batting: RHB Aaron Bateman
|
0-0: Ball 1-0: Ball 2-0: Foul Ball, location: 2F 2-1: SINGLE (Line Drive, 6M, EV 95.0 MPH) Steve Kunselman to third
|
|
Batting: RHB Jason Ewert
|
0-0: Ball 1-0: Foul Ball, location: 2F 1-1: Called Strike 1-2: DOUBLE (Flyball, 78D, EV 106.2 MPH) Steve Kunselman scores Aaron Bateman to third Runner from 3rd tries for Home, SAFE, throw by LF to trailing runner, SAFE at third!
|
|
Batting: SHB Ed Thorpe Jr.
|
0-0: Swinging Strike 0-1: Ball 1-1: Called Strike 1-2: Foul Ball, location: 2F 1-2: Strikes out swinging
|
|
Batting: RHB Justin Van Houten
|
0-0: Ball 1-0: Called Strike 1-1: Ball 2-1: Foul Ball, location: 2F 2-2: Ball 3-2: Base on Balls
|
|
Batting: RHB Xavier Reeves
|
0-0: Ball 1-0: Ball 2-0: Called Strike 2-1: Ball 3-1: Swinging Strike 3-2: Fly out, F8 (Flyball, 8LM, EV 77.5 MPH)
|
| Bottom of the 4th over - 4 runs, 4 hits, 0 errors, 2 left on base; Helena 1 - Washington (APP) 4 |
| TOP OF THE 5TH |
|
Helena Brewers batting - Pitching for Washington (APP) Nationals : LHP Ed Thorpe Jr.
|
|
Batting: RHB Justin Marino
|
0-0: Called Strike 0-1: Ball 1-1: Ball 2-1: Ball 3-1: Called Strike 3-2: Strikes out swinging
|
|
Batting: RHB Jesus Menjivar
|
0-0: Called Strike 0-1: Ball 1-1: Ground out 3-1 (Groundball, 34, EV 80.0 MPH)
|
|
Batting: LHB Dusty Bryant
|
0-0: Called Strike 0-1: Called Strike 0-2: Strikes out looking
|
| Top of the 5th over - 0 runs, 0 hits, 0 errors, 0 left on base; Helena 1 - Washington (APP) 4 |
| BOTTOM OF THE 5TH |
|
Washington (APP) Nationals batting - Pitching for Helena Brewers : LHP Billy Rojas
|
|
Batting: RHB Taffounnout Kame
|
0-0: Foul Ball, location: 2F 0-1: Ground out 5-3 (Groundball, 56, EV 98.8 MPH)
|
|
Batting: RHB Er Le
|
0-0: Called Strike 0-1: Swinging Strike 0-2: Ball 1-2: Strikes out swinging
|
|
Batting: SHB Curtis DeLille
|
0-0: Ball 1-0: Called Strike 1-1: Foul Ball, location: 2F 1-2: SINGLE (Line Drive, 3D, EV 101.2 MPH)
|
|
Batting: RHB Steve Kunselman
|
0-0: Called Strike 0-1: Ball 1-1: Ball 2-1: Called Strike 2-2: Strikes out swinging
|
| Bottom of the 5th over - 0 runs, 1 hit, 0 errors, 1 left on base; Helena 1 - Washington (APP) 4 |
| TOP OF THE 6TH |
|
Helena Brewers batting - Pitching for Washington (APP) Nationals : LHP Ed Thorpe Jr.
|
|
Batting: RHB Wiliama Dana
|
0-0: Ball 1-0: Foul Ball, location: 2F 1-1: SINGLE (Groundball, 6MD, EV 101.2 MPH)
|
|
Batting: LHB Alex Chairez
|
0-0: Ball 1-0: Called Strike 1-1: Foul Ball, location: 2F 1-2: Ball 2-2: Strikes out swinging Wiliama Dana steals 2nd base (no throw) Batter strikes out.
|
|
Pitching: RHP Ramiro Ramirez
|
|
|
Batting: RHB Tony Beaumond
|
0-0: Fly out, F7 (Line Drive, 7LM, EV 99.4 MPH) Runner from 2nd tags up, SAFE at 3rd with throw by LF
|
|
Batting: LHB John Fortin
|
0-0: Ball 1-0: Ball 2-0: Called Strike 2-1: Foul Ball, location: 2F 2-2: Fly out, F3 (Popup, 3, EV 71.2 MPH)
|
| Top of the 6th over - 0 runs, 1 hit, 0 errors, 1 left on base; Helena 1 - Washington (APP) 4 |
| BOTTOM OF THE 6TH |
|
Washington (APP) Nationals batting - Pitching for Helena Brewers : LHP Billy Rojas
|
|
Batting: RHB Aaron Bateman
|
0-0: Ball 1-0: Ground out 6-3 (Groundball, 6, EV 91.2 MPH)
|
|
Batting: RHB Jason Ewert
|
0-0: Swinging Strike 0-1: Ground out 6-3 (Groundball, 6, EV 91.9 MPH)
|
|
Batting: SHB Ed Thorpe Jr.
|
0-0: SINGLE (Line Drive, 34D, EV 103.1 MPH)
|
|
Batting: RHB Justin Van Houten
|
0-0: Called Strike Ed Thorpe Jr. is caught stealing 2nd base 2-4
|
| Bottom of the 6th over - 0 runs, 1 hit, 0 errors, 0 left on base; Helena 1 - Washington (APP) 4 |
| TOP OF THE 7TH |
|
Helena Brewers batting - Pitching for Washington (APP) Nationals : RHP Ramiro Ramirez
|
|
Batting: RHB Mohammed bin Ubaida
|
0-0: Called Strike 0-1: Foul Ball, location: 2F 0-2: Ball 1-2: Ball 2-2: Ball 3-2: Foul Ball, location: 2F 3-2: Base on Balls
|
|
Batting: LHB Greg Reedy
|
0-0: Called Strike Mohammed bin Ubaida steals 2nd base 0-1: Swinging Strike 0-2: Ball 1-2: Ball 2-2: Strikes out swinging, 2-3 out at first.
|
|
Batting: RHB Justin Marino
|
0-0: Ball 1-0: Ground out 4-3 (Groundball, 34, EV 91.2 MPH) Mohammed bin Ubaida to third
|
|
Batting: RHB Jesus Menjivar
|
0-0: Foul Ball, location: 2F 0-1: Ball 1-1: Ball 2-1: Foul Ball, location: 2F 2-2: Strikes out swinging
|
| Top of the 7th over - 0 runs, 0 hits, 0 errors, 1 left on base; Helena 1 - Washington (APP) 4 |
| BOTTOM OF THE 7TH |
|
Washington (APP) Nationals batting - Pitching for Helena Brewers : LHP Billy Rojas
|
|
Batting: RHB Justin Van Houten
|
0-0: Ball 1-0: Ball 2-0: Foul Ball, location: 2F 2-1: Ball 3-1: Base on Balls
|
|
Pitching: RHP Cesar Pulido
|
|
|
Batting: RHB Xavier Reeves
|
0-0: Ball 1-0: Bunted foul 1-1: Ball 2-1: Bunted foul 2-2: Fly out, F6 (Line Drive, 6D, EV 69.4 MPH)
|
|
Batting: RHB Taffounnout Kame
|
0-0: Fly out, F9 (Flyball, 89D, EV 81.9 MPH)
|
|
Batting: RHB Er Le
|
0-0: Ball Passed Ball! Justin Van Houten to second 1-0: Swinging Strike 1-1: Ball 2-1: Ball 3-1: DOUBLE (Groundball, 5L, EV 96.2 MPH) Justin Van Houten scores
|
|
Batting: SHB Curtis DeLille
|
0-0: Intentional Walk
|
|
Batting: RHB Steve Kunselman
|
0-0: Called Strike 0-1: Ball 1-1: Called Strike 1-2: Foul Ball, location: 2F 1-2: Foul Ball, location: 2F 1-2: Ball 2-2: Hit by Pitch Er Le to third Curtis DeLille to second
|
|
Batting: RHB Aaron Bateman
|
0-0: Foul Ball, location: 2F 0-1: Fly out, F8 (Flyball, 89XD, EV 90.6 MPH)
|
| Bottom of the 7th over - 1 run, 1 hit, 0 errors, 3 left on base; Helena 1 - Washington (APP) 5 |
| TOP OF THE 8TH |
|
Helena Brewers batting - Pitching for Washington (APP) Nationals : RHP Ramiro Ramirez
|
|
Batting: LHB Dusty Bryant
|
0-0: Called Strike 0-1: Ball 1-1: Ball 2-1: Foul Ball, location: 2F 2-2: Ball 3-2: Base on Balls
|
|
Pitching: RHP Cheng-ho Tai
|
|
|
Batting: RHB Wiliama Dana
|
0-0: Called Strike 0-1: Swinging Strike 0-2: Grounds into double play, 6-4-3 (Groundball, 6, EV 98.1 MPH)
|
|
Batting: LHB Alex Chairez
|
0-0: Called Strike 0-1: Ball 1-1: SINGLE (Line Drive, 89M, EV 97.5 MPH)
|
|
Batting: RHB Tony Beaumond
|
0-0: Ball 1-0: Called Strike 1-1: Foul Ball, location: 2F 1-2: Ball 2-2: Fielders Choice at 2nd, 5-4 (Groundball, 56, EV 103.8 MPH)
|
| Top of the 8th over - 0 runs, 1 hit, 0 errors, 1 left on base; Helena 1 - Washington (APP) 5 |
| BOTTOM OF THE 8TH |
|
Washington (APP) Nationals batting - Pitching for Helena Brewers : RHP Cesar Pulido
|
|
Batting: RHB Jason Ewert
|
0-0: Swinging Strike 0-1: Foul Ball, location: 2F 0-2: Ball 1-2: Strikes out looking
|
|
Batting: SHB Ed Thorpe Jr.
|
0-0: Ball 1-0: Ball 2-0: Foul Ball, location: 2F 2-1: SINGLE (Line Drive, 56D, EV 97.5 MPH)
|
|
Batting: RHB Justin Van Houten
|
0-0: Ball 1-0: Foul Ball, location: 2F 1-1: Ball 2-1: Swinging Strike 2-2: Strikes out swinging
|
|
Batting: RHB Xavier Reeves
|
0-0: Ball 1-0: Fly out, F8 (Flyball, 8LD, EV 106.9 MPH)
|
| Bottom of the 8th over - 0 runs, 1 hit, 0 errors, 1 left on base; Helena 1 - Washington (APP) 5 |
| TOP OF THE 9TH |
|
Helena Brewers batting - Pitching for Washington (APP) Nationals : RHP Cheng-ho Tai
|
|
Batting: LHB John Fortin
|
0-0: Ball 1-0: Ball 2-0: Ground out 4-3 (Groundball, 4M, EV 82.5 MPH)
|
|
Batting: RHB Mohammed bin Ubaida
|
0-0: Ball 1-0: Ground out 6-3 (Groundball, 6, EV 98.8 MPH)
|
|
Batting: LHB Greg Reedy
|
0-0: Ball 1-0: Foul Ball, location: 2F 1-1: Ball 2-1: Foul Ball, location: 2F 2-2: Strikes out swinging
|
| Top of the 9th over - 0 runs, 0 hits, 0 errors, 0 left on base; Helena 1 - Washington (APP) 5 |
|